AoeStats
← zephyrutia

Arena

507918419Analyzed
1v1 RM · 13d ago on Sep 20, 2026· 19m 57s· 2 players
Game mode
Random Map
Map size
Tiny (2 player)
Population
200
Speed
Normal
Resources
Standard
Victory
Conquest
Starting age
Dark Age
Ending age
Imperial Age
RankedLock teamsTeams togetherTeam positionsShared explorationLock speedFull tech treeHidden civsTurbo modeCheats
Victory
Defeat
🇮🇳 Maya · India
981
+17
🇺🇸 Turks · United States
993
-17
Antaj
0:27 Loom
11:02 Feudal Age
15:38 Castle Age
13:40 Double-Bit Axe
15:03 Scale Mail Armor
16:58 Eagle Warrior
18:07 Arson
zephyrutia
7:37 Loom
10:40 Feudal Age
15:46 Castle Age
Connection lost

Rejoining the realm…

Still unreachable

The connection could not be restored.

Session expired

The server has moved on; the page needs a fresh start.